SAA
YAKIMA HOPS @ IRVING BLUE SOX
08/23/2024
 
TOP OF THE 1ST
Yakima Hops batting - Pitching for Irving Blue Sox : RHP Paco Hernández
Pitching: RHP Paco Hernández
Batting: RHB Mariano Sánchez 0-0: Foul Ball, location: 2F
0-1: Ground out 6-3 (Groundball, 6)
Batting: SHB Orlando Villa 0-0: Ball
1-0: Ground out U3 (Groundball, 3S)
Batting: RHB José Vargas 0-0: Ball
1-0: Called Strike
1-1: Foul Ball, location: 2F
1-2: Foul Ball, location: 2F
1-2: Foul Ball, location: 2F
1-2: Strikes out swinging
Top of the 1st over - 0 run(s), 0 hit(s), 0 error(s), 0 left on base; Yakima 0 - Irving 0
BOTTOM OF THE 1ST
Irving Blue Sox batting - Pitching for Yakima Hops : LHP Roberto Silva
Pitching: LHP Roberto Silva
Batting: RHB Rafael Delgado 0-0: Called Strike
0-1: Ground out 4-3 (Groundball, 4M)
Batting: RHB Jim Unknown 0-0: Ball
1-0: Ground out 6-3 (Groundball, 6)
Batting: RHB Alfredo Chávez 0-0: Foul Ball, location: 2F
0-1: Ball
1-1: Swinging Strike
1-2: Ground out 4-3 (Groundball, 4M)
Bottom of the 1st over - 0 run(s), 0 hit(s), 0 error(s), 0 left on base; Yakima 0 - Irving 0
TOP OF THE 2ND
Yakima Hops batting - Pitching for Irving Blue Sox : RHP Paco Hernández
Batting: LHB Bryce Reilly 0-0: Ball
1-0: Ground out 2-3 (Groundball, 23)
Batting: SHB Carlos Sánchez 0-0: Fly out, F8 (Flyball, 8RD)
Batting: RHB Vicente Rodríguez 0-0: Ball
1-0: Fly out, F9 (Flyball, 9M)
Top of the 2nd over - 0 run(s), 0 hit(s), 0 error(s), 0 left on base; Yakima 0 - Irving 0
BOTTOM OF THE 2ND
Irving Blue Sox batting - Pitching for Yakima Hops : LHP Roberto Silva
Batting: RHB Noah Smith 0-0: Ground out 6-3 (Groundball, 6)
Batting: RHB Jorge López 0-0: Ball
1-0: Called Strike
1-1: Ball
2-1: Ball
3-1: Swinging Strike
3-2: Base on Balls
Batting: RHB Justin Bingham 0-0: Ball
1-0: Called Strike
1-1: Foul Ball, location: 2F
1-2: Ball
2-2: Foul Ball, location: 2F
2-2: Ball
3-2: Fly out, F8 (Flyball, 8LD)
Batting: SHB Tom Palmer 0-0: Ball
1-0: Called Strike
1-1: Ball
2-1: Ball
3-1: Base on Balls
Jorge López to second
Batting: LHB Jim Unknown 0-0: Ball
1-0: Fly out, F6 (Popup, 56D)
Bottom of the 2nd over - 0 run(s), 0 hit(s), 0 error(s), 2 left on base; Yakima 0 - Irving 0
TOP OF THE 3RD
Yakima Hops batting - Pitching for Irving Blue Sox : RHP Paco Hernández
Batting: RHB Ken Dillon 0-0: Ball
1-0: Swinging Strike
1-1: Fly out, F6 (Popup, 6)
Batting: SHB Esteban Lugo 0-0: Swinging Strike
0-1: Swinging Strike
0-2: Foul Ball, location: 2F
0-2: Ball
1-2: Strikes out swinging
Batting: SHB Luis Luquín 0-0: Called Strike
0-1: Swinging Strike
0-2: Fly out, F8 (Flyball, 8LM)
Top of the 3rd over - 0 run(s), 0 hit(s), 0 error(s), 0 left on base; Yakima 0 - Irving 0
BOTTOM OF THE 3RD
Irving Blue Sox batting - Pitching for Yakima Hops : LHP Roberto Silva
Batting: RHB Danny Hall 0-0: Ball
1-0: Fly out, F8 (Flyball, 8RS)
Batting: RHB Rafael Delgado 0-0: Called Strike
0-1: Ball
1-1: Ball
2-1: Fly out, F6 (Line Drive, 56)
Batting: RHB Jim Unknown 0-0: SINGLE (Groundball, 6MD)
Batting: RHB Alfredo Chávez 0-0: Fly out, F8 (Flyball, 8LM)
Bottom of the 3rd over - 0 run(s), 1 hit(s), 0 error(s), 1 left on base; Yakima 0 - Irving 0
TOP OF THE 4TH
Yakima Hops batting - Pitching for Irving Blue Sox : RHP Paco Hernández
Batting: RHB Mariano Sánchez 0-0: Swinging Strike
0-1: Ball
1-1: Called Strike
1-2: Ground out 1-3 (Groundball, 15S)
Batting: SHB Orlando Villa 0-0: Called Strike
0-1: Foul Ball, location: 2F
0-2: Ball
1-2: Ground out 6-3 (Groundball, 6)
Batting: RHB José Vargas 0-0: Ball
1-0: Called Strike
1-1: Called Strike
1-2: Ball
2-2: Strikes out looking
Top of the 4th over - 0 run(s), 0 hit(s), 0 error(s), 0 left on base; Yakima 0 - Irving 0
BOTTOM OF THE 4TH
Irving Blue Sox batting - Pitching for Yakima Hops : LHP Roberto Silva
Batting: RHB Noah Smith 0-0: Foul Ball, location: 2F
0-1: Ground out 6-3 (Groundball, 6)
Batting: RHB Jorge López 0-0: Called Strike
0-1: Swinging Strike
0-2: Fly out, F3 (Popup, 3DF)
Batting: RHB Justin Bingham 0-0: Ball
1-0: Ball
2-0: Ball
3-0: Called Strike
3-1: Called Strike
3-2: Foul Ball, location: 2F
3-2: Ground out 1-3 (Groundball, 23)
Bottom of the 4th over - 0 run(s), 0 hit(s), 0 error(s), 0 left on base; Yakima 0 - Irving 0
TOP OF THE 5TH
Yakima Hops batting - Pitching for Irving Blue Sox : RHP Paco Hernández
Batting: LHB Bryce Reilly 0-0: Ball
1-0: Ball
2-0: Fly out, F5 (Popup, 5F)
Batting: SHB Carlos Sánchez 0-0: Ball
1-0: Called Strike
1-1: Foul Ball, location: 2F
1-2: Ball
2-2: Fly out, F7 (Flyball, 7S)
Batting: RHB Vicente Rodríguez 0-0: Ball
1-0: Ball
2-0: Called Strike
2-1: Called Strike
2-2: Ball
3-2: SINGLE (Line Drive, 34)
Batting: RHB Ken Dillon 0-0: Foul Ball, location: 2F
0-1: Ball
1-1: Ball
2-1: Ground out 6-3 (Groundball, 6)
Top of the 5th over - 0 run(s), 1 hit(s), 0 error(s), 1 left on base; Yakima 0 - Irving 0
BOTTOM OF THE 5TH
Irving Blue Sox batting - Pitching for Yakima Hops : LHP Roberto Silva
Batting: SHB Tom Palmer 0-0: Fly out, F9 (Flyball, 9M)
Batting: LHB Jim Unknown 0-0: Ball
1-0: Called Strike
1-1: Called Strike
1-2: DOUBLE (Line Drive, 3L)
Batting: RHB Danny Hall 0-0: Ball
1-0: Called Strike
1-1: SINGLE (Groundball, 56D)
Jim Unknown to third
Runner from 3rd tries for Home, SAFE, no throw or cutoff
Batting: RHB Rafael Delgado 0-0: Fly out, F3 (Popup, 3SF)
Batting: RHB Jim Unknown 0-0: Ball
1-0: Ball
2-0: Ball
3-0: Base on Balls
Danny Hall to second
Batting: RHB Alfredo Chávez 0-0: Called Strike
0-1: Ball
1-1: Fly out, F9 (Flyball, 9S)
Bottom of the 5th over - 1 run(s), 2 hit(s), 0 error(s), 2 left on base; Yakima 0 - Irving 1
TOP OF THE 6TH
Yakima Hops batting - Pitching for Irving Blue Sox : RHP Paco Hernández
Batting: SHB Esteban Lugo 0-0: Called Strike
0-1: Ground out 4-3 (Groundball, 4M)
Batting: SHB Luis Luquín 0-0: Foul Ball, location: 2F
0-1: Reached on Error, E6 (Popup, 6D)
Batting: RHB Mariano Sánchez 0-0: Ball
1-0: Ball
2-0: Ball
3-0: Called Strike
3-1: Base on Balls
Luis Luquín to second
Batting: SHB Orlando Villa 0-0: Ball
1-0: Ball
2-0: Called Strike
2-1: Swinging Strike
2-2: Ball
3-2: Foul Ball, location: 2F
3-2: Strikes out swinging
Batting: RHB José Vargas 0-0: Fly out, F7 (Flyball, 78S)
Top of the 6th over - 0 run(s), 0 hit(s), 1 error(s), 2 left on base; Yakima 0 - Irving 1
BOTTOM OF THE 6TH
Irving Blue Sox batting - Pitching for Yakima Hops : LHP Roberto Silva
Batting: RHB Noah Smith 0-0: Foul Ball, location: 2F
0-1: Ball
1-1: Ball
2-1: Ball
3-1: Reached on error, E6 (Groundball, 6M)
Batting: RHB Jorge López 0-0: Called Strike
0-1: Ground out 6-3 (Groundball, 6)
Batting: RHB Justin Bingham 0-0: Ball
1-0: Ground out 5-3 (Groundball, 5L)
Batting: SHB Tom Palmer 0-0: Called Strike
0-1: Foul Ball, location: 2F
0-2: Ball
1-2: Ball
2-2: Foul Ball, location: 2F
2-2: DOUBLE (Line Drive, 7LM)
Noah Smith scores
Batting: LHB Jim Unknown 0-0: Called Strike
0-1: Ground out 4-3 (Groundball, 4)
Bottom of the 6th over - 1 run(s), 1 hit(s), 1 error(s), 1 left on base; Yakima 0 - Irving 2
TOP OF THE 7TH
Yakima Hops batting - Pitching for Irving Blue Sox : RHP Paco Hernández
Batting: LHB Bryce Reilly 0-0: Foul Ball, location: 2F
0-1: Ground out 6-3 (Groundball, 6)
Batting: SHB Carlos Sánchez 0-0: Ball
1-0: Ball
2-0: Called Strike
2-1: Called Strike
2-2: Ball
3-2: Base on Balls
Batting: RHB Vicente Rodríguez 0-0: Foul Ball, location: 2F
0-1: Ball
1-1: SINGLE (Groundball, 4D)
Carlos Sánchez to second
Runner from 2nd tries for 3rd, OUT!
Vicente Rodríguez to second
Now at 3B: Jim Unknown
Batting: RHB Ken Dillon 0-0: Ball
1-0: Fly out, F8 (Flyball, 8RM)
Top of the 7th over - 0 run(s), 1 hit(s), 0 error(s), 1 left on base; Yakima 0 - Irving 2
BOTTOM OF THE 7TH
Irving Blue Sox batting - Pitching for Yakima Hops : LHP Roberto Silva
Batting: RHB Danny Hall 0-0: Foul Ball, location: 2F
0-1: Fly out, F7 (Flyball, 7D)
Batting: RHB Rafael Delgado 0-0: Ball
1-0: Ball
2-0: Foul Ball, location: 2F
2-1: SINGLE (Groundball, 56D)
Batting: RHB Jim Unknown 0-0: Foul Ball, location: 2F
0-1: Called Strike
0-2: Ball
1-2: SINGLE (Line Drive, 7LS)
Rafael Delgado to second
Rafael Delgado to third
Batting: RHB Alfredo Chávez 0-0: Fielders Choice at 2nd, 3-6 (Groundball, 34)
Rafael Delgado scores
Batting: RHB Noah Smith 0-0: Foul Ball, location: 2F
0-1: Ball
1-1: Called Strike
1-2: Fly out, F7 (Flyball, 78D)
Bottom of the 7th over - 1 run(s), 2 hit(s), 0 error(s), 1 left on base; Yakima 0 - Irving 3
TOP OF THE 8TH
Yakima Hops batting - Pitching for Irving Blue Sox : RHP Paco Hernández
Batting: SHB Esteban Lugo 0-0: Ball
1-0: Ball
2-0: Called Strike
2-1: Foul Ball, location: 2F
2-2: Ball
3-2: Base on Balls
Batting: SHB Luis Luquín 0-0: Called Strike
0-1: Ball
1-1: Ball
2-1: Called Strike
2-2: Strikes out swinging
Batting: RHB Mariano Sánchez 0-0: Ball
1-0: Called Strike
1-1: Fielders Choice at 2nd, 4-6 (Groundball, 4)
Batting: SHB Orlando Villa 0-0: Called Strike
0-1: Ground out 4-3 (Groundball, 4)
Top of the 8th over - 0 run(s), 0 hit(s), 0 error(s), 1 left on base; Yakima 0 - Irving 3
BOTTOM OF THE 8TH
Irving Blue Sox batting - Pitching for Yakima Hops : LHP Roberto Silva
Batting: RHB Jorge López 0-0: Ground out 5-3 (Groundball, 56)
Batting: RHB Jim Unknown 0-0: Called Strike
0-1: Called Strike
0-2: Ball
1-2: Strikes out swinging
Batting: SHB Tom Palmer 0-0: Ball
1-0: Ball
2-0: Called Strike
2-1: Fly out, F4 (Popup, 4D)
Bottom of the 8th over - 0 run(s), 0 hit(s), 0 error(s), 0 left on base; Yakima 0 - Irving 3
TOP OF THE 9TH
Yakima Hops batting - Pitching for Irving Blue Sox : RHP Paco Hernández
Pitching: RHP Gene Anderson
Batting: RHB José Vargas 0-0: Foul Ball, location: 2F
0-1: Ground out 6-3 (Groundball, 6M)
Batting: LHB Bryce Reilly 0-0: Called Strike
0-1: Foul Ball, location: 2F
0-2: Ball
1-2: Strikes out swinging
Batting: SHB Carlos Sánchez 0-0: Ball
1-0: Called Strike
1-1: Called Strike
1-2: SINGLE (Groundball, 4MD)
Batting: RHB Vicente Rodríguez 0-0: Ball
1-0: Fly out, F4 (Popup, 8RS)
Top of the 9th over - 0 run(s), 1 hit(s), 0 error(s), 1 left on base; Yakima 0 - Irving 3
This league is powered by Out of the Park Baseball, the baseball management simulation game for PC, Mac and Linux
Monday, October 3rd, 2016 - OOTP Baseball 16.9 Build 39